 Dungeon Crawl Stone Soup version 0.29-a0-378-gc08b2e8bf8 (webtiles) character file.

38852 Kenran the Destroyer (level 13, 111/111 HPs)
             Began as a Grey Draconian Conjurer on June 20, 2016.
             Was a High Priest of Vehumet.
             Quit the game on level 5 of the Lair of Beasts on May 4, 2022.
             The game lasted 01:48:32 (26459 turns).

Kenran the Destroyer (Grey Draconian Conjurer)     Turns: 26459, Time: 01:48:33

Health: 111/111    AC: 20    Str: 11    XL:     13   Next: 66%
Magic:  29/29      EV: 30    Int: 20    God:    Vehumet [*****.]
Gold:   1032       SH:  5    Dex: 12    Spells: 15/36 levels left

rFire   + . .      SeeInvis .   a - +2 dagger (vorpal)
rCold   . . .      Faith    .   c - +0 buckler
rNeg    . . .      Spirit   .   (body armour unavailable)
rPois   .          Reflect  .   H - +2 hat
rElec   .          Harm     .   J - +0 cloak
rCorr   .          Rampage  .   E - +2 pair of gloves
Will    .....                   k - +0 pair of boots
Stlth   +++.......              O - amulet of the acrobat
HPRegen 0.28/turn               D - ring of protection from fire
MPRegen 0.21/turn               N - ring of stealth

@: acrobatic
A: AC +13, amphibious, unfitting armour, cold-blooded
a: Renounce Religion


You were on level 5 of the Lair of Beasts.
You worshipped Vehumet.
Vehumet was extremely pleased with you.
You visited 3 branches of the dungeon, and saw 18 of its levels.

You collected 1149 gold pieces.
You spent 117 gold pieces at shops.

Inventory:

Hand Weapons
 a - a +2 vorpal dagger (weapon)
Armour
 c - a +0 buckler (worn)
 k - a +0 pair of boots (worn)
 E - a +2 pair of gloves (worn)
 H - a +2 hat (worn)
 J - a +0 cloak (worn)
Magical Staves
 b - a staff of fire {!a}
Jewellery
 m - an amulet of gourmand
 D - a ring of protection from fire (left hand)
 N - a ring of stealth (right hand)
 O - an amulet of the acrobat (around neck)
Wands
 e - a wand of removedness (8) (quivered) {@v4}
 i - a wand of removedness (16)
 p - a wand of iceblast (12)
 x - a wand of paralysis (24)
 F - a wand of mindburst (9)
Scrolls
 h - a scroll of magic mapping
 o - 2 scrolls of enchant armour
 q - 3 scrolls of fog
 s - 3 scrolls of removedness {@r2}
 y - 2 scrolls of enchant weapon
 B - 3 scrolls of amnesia
 G - 2 scrolls of fear
 L - a scroll of brand weapon
 M - 2 scrolls of blinking {@r3}
 T - a scroll of summoning
Potions
 d - a potion of mutation {!q}
 f - 3 potions of lignification {!q}
 g - 4 potions of brilliance
 l - 9 potions of curing {@q1}
 n - 5 potions of heal wounds {@q2}
 r - 3 potions of attraction {@q5}
 t - 2 potions of might {@q4}
 w - 4 potions of haste {@q3}
 C - a potion of invisibility
 I - 2 potions of cancellation {@q6}
 K - a potion of resistance
 Q - 2 potions of degeneration {unknown}
 R - a potion of flight {unknown}
Miscellaneous
 v - a phial of floods
Comestibles
 j - 15 removed foods {@e1}
 u - 2 removed foods


   Skills:
 - Level 9.0 Fighting
 - Level 8.5 Dodging
 - Level 1.7 Stealth
 - Level 5.0 Shields
 - Level 12.2 Spellcasting
 - Level 12.2 Conjurations
 * Level 5.9 Fire Magic
 + Level 1.5 Evocations


You had 15 spell levels left.
You knew the following spells:

 Your Spells              Type           Power      Damage    Failure   Level
a - Magic Dart            Conj           100%       1d8       1%          1
b - Searing Ray           Conj           100%       2d8       1%          2
c - Iskenderun's Mystic   Conj/Tloc      36%        2d9       1%          4
d - Iskenderun's Battles  Conj           57%        2d11      1%          5
e - Dazzling Flash        Conj/Hex       72%        N/A       1%          3
f - Repel Missiles        Air            24%        N/A       11%         2
g - Sticky Flame          Conj/Fire      48%        2d7       1%          4

Your spell library contained the following spells:

 Spells                   Type           Power      Damage    Failure   Level
 Conjure Flame            Conj/Fire      48%        6-21      1%          3
 Mephitic Cloud           Conj/Pois/Air  28%        N/A       1%          3
 Fulminant Prism          Conj/Hex       18%        3d11      1%          4
 Corona                   Hex            12%        N/A       7%          1
 Slow                     Hex            48%        N/A       7%          1
 Blink                    Tloc           24%        N/A       11%         2
 Call Imp                 Summ           12%        N/A       11%         2
 Ensorcelled Hibernation  Hex/Ice        24%        N/A       11%         2
 Confusing Touch          Hex            12%        N/A       22%         3
 Tukima's Dance           Hex            12%        N/A       22%         3
 Conjure Ball Lightning   Conj/Air       18%        3x3d6     22%         6
 Summon Lightning Spire   Summ/Air       12%        N/A       56%         4
 Silence                  Hex/Air        6%         N/A       89%         5
 Polar Vortex             Ice            6%         N/A       100%        9


Dungeon Overview and Level Annotations

Branches:
Dungeon (11/15)            Temple (1/1) D:4            Lair (6/6) D:11
 Shoals (0/4) Lair:4        Snake (0/4) Lair:3        Slime (0/5) Lair:5
    Orc (0/2) D:11

Altars:
Ashenzari
Cheibriados
Dithmenos
Elyvilon
Fedhas
Gozag
Hepliaklqana
Kikubaaqudgha
Makhleb
Nemelex Xobeh
Okawaru
Qazlal
Ru
Sif Muna
Trog
Uskayaw
Vehumet
Xom
Yredelemnul
Zin
The Shining One

Shops:
D:8 ?   D:10 !

Annotations:
D:9 4 runed doors
Lair:3 Rupert
Lair:4 exclusion: catoblepas
Lair:5 3 runed doors, exclusion: downstairs, CrazyMind's ghost, journeyman DsNe


Innate Abilities, Weirdness & Mutations

Your dull iron-grey scales are very hard. (AC +13)
You are amphibious.
You cannot fit into any form of body armour.
You are cold-blooded and may be slowed by cold attacks.


Message History

Welcome back, Kenran the Grey Draconian Conjurer.
Vehumet says: Let it end in hellfire!
Press ? for a list of commands and other information.
Level annotation: 3 runed doors, exclusion: downstairs, CrazyMind's ghost, journeyman DsNe Welcome back, Kenran the Grey Draconian Conjurer.
Vehumet says: Let it end in hellfire!
Press ? for a list of commands and other information.
Level annotation: 3 runed doors, exclusion: downstairs, CrazyMind's ghost, journeyman DsNe Welcome back, Kenran the Grey Draconian Conjurer.
Vehumet says: Let it end in hellfire!
Press ? for a list of commands and other information.
Level annotation: 3 runed doors, exclusion: downstairs, CrazyMind's ghost, journeyman DsNe Welcome back, Kenran the Grey Draconian Conjurer.
Vehumet says: Let it end in hellfire!
Press ? for a list of commands and other information.
Okay, then.
Unknown command.
Save game and exit?
Okay, then.
Unknown command.
Unknown command.
Unknown command.
Save game and exit?
Level annotation: 3 runed doors, exclusion: downstairs, CrazyMind's ghost, journeyman DsNe Welcome back, Kenran the Grey Draconian Conjurer.
Vehumet says: Let it end in hellfire!
Press ? for a list of commands and other information.
There is a fountain of clear blue water here.
There is a fountain of clear blue water here.
Level annotation: 3 runed doors, exclusion: downstairs, CrazyMind's ghost, journeyman DsNe Welcome back, Kenran the Grey Draconian Conjurer.
Vehumet says: Let it end in hellfire!
Press ? for a list of commands and other information.
Unknown command.
Okay, then.
Level annotation: 3 runed doors, exclusion: downstairs, CrazyMind's ghost, journeyman DsNe Welcome back, Kenran the Grey Draconian Conjurer.
Vehumet says: Let it end in hellfire!
Press ? for a list of commands and other information.
Are you sure you want to abandon this character and quit the game? (Confirm with "yes".)

##..........#.......#.##.
#...##.......#....##...#.
#P...#..#....##..#...⌠.+.
#........#...##.##.......
#..#...#......###....###.
#.........#.........#....
##.P.#...###...⌠.........
#.................#.....
##......@..#.⌠...⌠.....:.
#..........#.......#.....
#......PP###...⌠.......#.
##........###........#....
#.#.....##.....###...###..
###..#P.#.....##.##...##..
#.....+.⌠...#...#...##..
##.........#...###.......
#P....P..+#....###....#..


There were no monsters in sight!

Vanquished Creatures
  Nessos (Lair:4)
  Snorg (Lair:3)
  2 hydras
  3 death yaks
  A tengu warrior (D:11)
  A removed hill giant (D:11)
  A cyclops (D:11)
  An oklob plant (Lair:5)
  3 ugly things (D:11)
  A removed griffon (Lair:2)
  A guardian serpent (Lair:3)
  9 elephants
  2 black mambas (Lair:1)
  9 cane toads
  3 torpor snails
  6 komodo dragons
  2 rime drakes
  3 trolls
  A two-headed ogre (D:9)
  Grinder (D:3)
  A polar bear (Lair:6)
  A vampire (D:11)
  A shadow (D:11)
  A wyvern (Lair:3)
  A spriggan (D:7)
  46 yaks
  3 basilisks
  2 removed hungry ghosts
  7 removed hippogriffs
  12 water moccasins
  2 hell hounds (Lair:1)
  12 removed porcupines
  2 orc warriors
  2 sky beasts (D:5)
  2 ice beasts
  2 black bears
  9 ogres
  A phantom (D:4)
  17 wolves
  3 centaurs
  4 kobold brigands
  12 removed crocodiles
  A wyvern zombie (D:11)
  12 bullfrogs
  3 scorpions
  3 killer bees (D:7)
  7 wights
  4 electric eels
  6 howler monkeys
  3 crimson imps
  2 bullfrog zombies
  4 hounds
  A centaur zombie (D:8)
  8 orc priests
  A bullfrog skeleton (D:9)
  A centaur skeleton (D:7)
  3 jellies
  2 gnoll shamans
  Crazy Yiuf (D:2)
  Ijyb (D:2)
  9 iguanas
  11 orc wizards
  2 removed worker ants (D:8)
  A ghost (Lair:6)
  11 removed sheep
  3 hound zombies (D:5)
  Robin (D:2)
  2 removed worker ant zombies
  9 gnolls
  18 adders
  19 river rats
  A shadow imp (D:5)
  2 endoplasms
  2 adder zombies (D:5)
  3 adder skeletons
  5 worms
  A dart slug (D:2)
  37 orcs
  7 removed leopard geckos
  8 bats
  4 giant cockroaches
  15 goblins
  11 hobgoblins
  12 jackals
  39 kobolds
  5 quokkas
  A ball python (D:1)
  6 frilled lizards
  A quokka skeleton (D:9)
  11 rats
  2 removed leopard gecko zombies
  A plant (D:4)
518 creatures vanquished.

Vanquished Creatures (others)
  A goblin (D:2)
  8 fungi
  8 plants (D:11)
17 creatures vanquished.

Grand Total: 535 creatures vanquished

Notes
Turn   | Place    | Note
-------+----------+-------------------------------------------
     0 | D:1      | Kenran the Draconian Conjurer began the quest for the Orb.
     0 | D:1      | Reached XP level 1. HP: 14/14 MP: 3/3
    38 | D:1      | Found a shattered altar of Ashenzari.
   315 | D:1      | Reached XP level 2. HP: 14/20 MP: 0/5
  1230 | D:1      | Learned a level 2 spell: Searing Ray
  1274 | D:2      | Noticed Ijyb
  1313 | D:2      | Killed Ijyb
  1313 | D:2      | Reached skill level 5 in Conjurations
  1313 | D:2      | Reached XP level 3. HP: 24/26 MP: 1/6
  1512 | D:2      | Reached XP level 4. HP: 33/33 MP: 1/7
  1664 | D:2      | Found a shimmering altar of Xom.
  2064 | D:2      | Learned a level 4 spell: Iskenderun's Mystic Blast
  2076 | D:2      | Noticed Robin
  2346 | D:2      | Killed Robin
  2684 | D:2      | Noticed Crazy Yiuf
  2690 | D:2      | Killed Crazy Yiuf
  2908 | D:3      | Reached XP level 5. HP: 38/38 MP: 10/10
  2993 | D:3      | Noticed Grinder
  3049 | D:3      | Paralysed by Grinder for 2 turns
  3060 | D:3      | Paralysed by Grinder for 5 turns
  3066 | D:3      | Killed Grinder
  3066 | D:3      | Reached skill level 5 in Spellcasting
  3066 | D:3      | Reached XP level 6. HP: 13/45 MP: 4/14
  4259 | D:4      | Found a staircase to the Ecumenical Temple.
  4265 | Temple   | Entered the Ecumenical Temple
  4272 | Temple   | Reached skill level 1 in Fighting
  4272 | Temple   | Your scales start taking on a dull iron-grey colour.
  4272 | Temple   | Reached XP level 7. HP: 22/52 MP: 9/15
  4272 | Temple   | Gained mutation: You can survive without breathing. [Grey
                  | Draconian growth]
  4744 | Temple   | Became a worshipper of Vehumet
  5018 | D:4      | Upgraded the game from 0.19-a0-713-g934ebc7 to
                  | 0.19-a0-719-gcc390b8
  5456 | D:4      | Reached * piety under Vehumet
  5456 | D:4      | Offered knowledge of Sting by Vehumet.
  5899 | D:4      | Reached XP level 8. HP: 46/66 MP: 0/16
  6328 | D:5      | Entered Level 5 of the Dungeon
  6572 | D:5      | Found a sacrificial altar of Ru.
  6907 | D:5      | Reached ** piety under Vehumet
  6957 | D:5      | Learned a level 5 spell: Iskenderun's Battlesphere
  6961 | D:5      | Learned a level 3 spell: Dazzling Flash
  7053 | D:5      | Offered knowledge of Sandblast by Vehumet.
  7705 | D:6      | Reached skill level 5 in Dodging
  7811 | D:6      | Found a shadowy altar of Dithmenos.
  7916 | D:6      | Reached skill level 1 in Charms
  8325 | D:6      | Reached XP level 9. HP: 71/71 MP: 7/17
  8465 | D:7      | Offered knowledge of Throw Flame by Vehumet.
  8469 | D:7      | Learned a level 2 spell: Throw Flame
  8870 | D:7      | Reached skill level 5 in Charms
  8968 | D:7      | Found a bloodstained altar of Trog.
  8968 | D:7      | Found an opulent altar of Gozag.
  9132 | D:7      | Reached *** piety under Vehumet
  9602 | D:8      | Reached skill level 1 in Shields
  9733 | D:8      | Offered knowledge of Sticky Flame by Vehumet.
  9843 | D:8      | Learned a level 4 spell: Sticky Flame
 10105 | D:8      | Found Lygy's Magic Scroll Emporium.
 10341 | D:8      | Found a shadowy altar of Dithmenos.
 10341 | D:8      | Found a glowing silver altar of Zin.
 10342 | D:8      | Found a snail-covered altar of Cheibriados.
 10533 | D:9      | Reached XP level 10. HP: 78/78 MP: 13/20
 10702 | D:9      | Reached **** piety under Vehumet
 10702 | D:9      | Reached skill level 5 in Shields
 10746 | D:9      | Reached skill level 1 in Fire Magic
 10849 | D:9      | Offered knowledge of Lightning Bolt by Vehumet.
 11225 | D:9      | Found a huge runed gate.
 11225 | D:9      | Found a huge runed gate.
 11225 | D:9      | Found a huge runed gate.
 11225 | D:9      | Noticed a griffon
 11226 | D:9      | Found a huge runed gate.
 11667 | D:10     | Entered Level 10 of the Dungeon
 12375 | D:10     | Reached skill level 10 in Conjurations
 13145 | D:10     | Found Lusmiun's Distillery.
 13152 | D:10     | Bought a potion of agility for 52 gold pieces
 13152 | D:10     | Bought a potion of heal wounds for 65 gold pieces
 13322 | D:11     | Reached ***** piety under Vehumet
 13325 | D:11     | Offered knowledge of Fireball by Vehumet.
 13326 | D:11     | Noticed a cyclops
 13575 | D:11     | Reached XP level 11. HP: 33/84 MP: 5/22
 13831 | D:11     | Noticed a hill giant
 13854 | D:11     | Killed a hill giant
 13866 | D:11     | Noticed a red ugly thing
 14769 | D:11     | Noticed a tengu warrior
 14800 | D:11     | Killed a tengu warrior
 15152 | D:11     | Noticed a purple ugly thing
 15328 | D:11     | Noticed a purple ugly thing
 15338 | D:11     | Killed a brown ugly thing
 15338 | D:11     | Reached skill level 10 in Spellcasting
 15343 | D:11     | Found a staircase to the Orcish Mines.
 15353 | D:11     | Killed a purple ugly thing
 15395 | D:11     | Killed a purple ugly thing
 16465 | D:11     | Found a staircase to the Lair.
 16557 | D:11     | Found a white marble altar of Elyvilon.
 16698 | Lair:1   | Entered Level 1 of the Lair of Beasts
 17060 | Lair:1   | Reached XP level 12. HP: 78/91 MP: 21/27
 17229 | Lair:1   | Offered knowledge of Poison Arrow by Vehumet.
 17983 | Lair:1   | Reached skill level 5 in Fire Magic
 18178 | Lair:1   | Upgraded the game from 0.19-a0-719-gcc390b8 to
                  | 0.19-a0-970-g9a4211b
 18686 | Lair:2   | Noticed a seven-headed hydra
 18696 | Lair:1   | Killed a seven-headed hydra
 19341 | Lair:2   | Learned a level 2 spell: Repel Missiles
 19431 | Lair:2   | Noticed a five-headed hydra
 19440 | Lair:2   | Killed a five-headed hydra
 19620 | Lair:1   | Reached skill level 5 in Fighting
 20921 | Lair:3   | Found a staircase to the Snake Pit.
 21690 | Lair:3   | Noticed Snorg
 21694 | Lair:3   | Noticed Rupert
 21892 | Lair:3   | Killed Snorg
 22222 | Lair:4   | Found a staircase to the Shoals.
 22231 | Lair:4   | Noticed a catoblepas
 22266 | Lair:4   | Reached XP level 13. HP: 102/102 MP: 21/28
 22479 | Lair:4   | Noticed Nessos
 22487 | Lair:4   | Killed Nessos
 22748 | Lair:4   | Offered knowledge of Delayed Fireball by Vehumet.
 22757 | Lair:4   | Learned a level 7 spell: Delayed Fireball
 23702 | Lair:4   | Upgraded the game from 0.19-a0-970-g9a4211b to
                  | 0.19-a0-1096-g8280678
 23702 | Lair:4   | Upgraded the game from 0.19-a0-1096-g8280678 to
                  | 0.19-a0-1111-gcceb26a
 23702 | Lair:4   | Upgraded the game from 0.19-a0-1111-gcceb26a to
                  | 0.19-a0-1200-g056e253
 23702 | Lair:4   | Upgraded the game from 0.19-a0-1200-g056e253 to
                  | 0.19-a0-1820-gbf060b2
 23702 | Lair:4   | Upgraded the game from 0.19-a0-1820-gbf060b2 to
                  | 0.20-a0-286-gae82e34
 23702 | Lair:4   | Upgraded the game from 0.20-a0-286-gae82e34 to
                  | 0.20-a0-1122-gb7cbeb9
 23702 | Lair:4   | Upgraded the game from 0.20-a0-1122-gb7cbeb9 to
                  | 0.21-a0-113-g6841d05
 23702 | Lair:4   | Upgraded the game from 0.21-a0-113-g6841d05 to
                  | 0.22-a0-305-gd21a89c538
 23702 | Lair:4   | Upgraded the game from 0.22-a0-305-gd21a89c538 to
                  | 0.22-a0-409-gb855193d78
 23702 | Lair:4   | Upgraded the game from 0.22-a0-409-gb855193d78 to
                  | 0.22-a0-429-g97ce8ef721
 23702 | Lair:4   | Upgraded the game from 0.23-a0-577-g2b1de944cd to
                  | 0.23-a0-767-gdc19b93d68
 23868 | Lair:5   | Found a runed gate.
 23868 | Lair:5   | Found a runed gate.
 23868 | Lair:5   | Found a runed gate.
 23874 | Lair:5   | Noticed CrazyMind's ghost (journeyman DsNe)
 23879 | Lair:5   | Found a staircase to the Slime Pits.
 24391 | Lair:6   | Entered Level 6 of the Lair of Beasts
 25996 | Lair:6   | Reached skill level 1 in Evocations
 26440 | Lair:5   | Upgraded the game from 0.23-a0-767-gdc19b93d68 to
                  | 0.24-a0-139-geb6712d24a
 26443 | Lair:5   | Upgraded the game from 0.24-a0-139-geb6712d24a to
                  | 0.24-a0-520-g8fd06ad0bc
 26443 | Lair:5   | Upgraded the game from 0.24-a0-520-g8fd06ad0bc to
                  | 0.24-a0-530-g18ba70b503
 26444 | Lair:5   | Upgraded the game from 0.24-a0-530-g18ba70b503 to
                  | 0.24-a0-639-gb70a11d811
 26444 | Lair:5   | Upgraded the game from 0.24-a0-639-gb70a11d811 to
                  | 0.29-a0-352-g0917bc69df
 26444 | Lair:5   | Upgraded the game from 0.29-a0-352-g0917bc69df to
                  | 0.29-a0-364-g921d912d32
 26444 | Lair:5   | Upgraded the game from 0.29-a0-364-g921d912d32 to
                  | 0.29-a0-370-gb5314be063
 26459 | Lair:5   | Upgraded the game from 0.29-a0-370-gb5314be063 to
                  | 0.29-a0-378-gc08b2e8bf8
 26459 | Lair:5   | Quit the game

Illustrated notes

Levels and vault maps discovered:
D:1:      ncdulo_wetmaze, nicolae_ashenzari_panopticon
D:2:      xom_teletrap_fun, minmay_door_square, uniq_iyjb,
          uniq_crazy_yiuf_cottage, uniq_robin
D:3:      uniq_grinder
D:4:      kennysheep_kobold_camp, first_bread, minivault_11
D:5:      nicolae_ru_sacrificial_ziggurat, kennysheep_generic_room_8
D:6:      grunt_dithmenos_smoke_and_mirrors
D:7:      gammafunk_temple_overflow_wave, the_bakery
D:8:      gammafunk_temple_overflow_forgotten, serial_shops,
          nicolae_shop_crystal
D:9:      lemuel_bear_cage
D:10:     serial_shops, shop_statue, nooodl_food_tri
D:11:     minmay_lair_entry_grove, erik_orc_3, hangedman_decor_riveting,
          minivault_20, lemuel_statue_altar
Temple:   triangle_lava_temple_15
Lair:1:   enter_volcano_3, grunt_megastairs_2
Lair:3:   minmay_snake_entry_spellcaster, serial_bayou_shore_a,
          grunt_megastairs_5, uniq_snorg, uniq_rupert
Lair:4:   shoals_dummy_entry, minmay_holes, uniq_nessos
Lair:5:   slime_dummy, gammafunk_ghost_necromancy,
          nicolae_quartered_pool_medium, grunt_megastairs_4
Lair:6:   grunt_lair_end_beastmaster

Skill      XL: |  1  2  3  4  5  6  7  8  9 10 11 12 13 |
---------------+----------------------------------------+-----
Conjurations   | 5 6 7 8 10 12 | 12.2
Spellcasting   | 3 5 7 11 12 | 12.2
Fighting       | 1 3 4 6 9 |  9.0
Dodging        | 5 7 8 |  8.5
Charms         | 3 5 6 9 |  0.0
Shields        | 4 5 |  5.0
Fire Magic     | 3 5 |  5.9
Evocations     | 1 |  1.5
Stealth        | |  1.7

Action                   |  1- 3 |  4- 6 |  7- 9 | 10-12 | 13-15 || total
-------------------------+-------+-------+-------+-------+-------++-------
Melee: Short sword       |    19 |    17 |       |       |       ||    36
       Tailslap          |     1 |     6 |    24 |    32 |       ||    63
       Quarterstaff      |       |    16 |       |       |       ||    16
       War axe           |       |    35 |    62 |       |       ||    97
       Dagger            |       |       |   245 |   269 |     1 ||   515
       Staff             |       |       |       |     1 |       ||     1
 Cast: Magic Dart        |    47 |    68 |   216 |   697 |   260 ||  1288
       Searing Ray       |     1 |     7 |    41 |    37 |       ||    86
       Iskenderun's Myst |       |       |     8 |     7 |    10 ||    25
       Iskenderun's Batt |       |       |       |    63 |    46 ||   109
       Sticky Flame      |       |       |       |    41 |     6 ||    47
       Dazzling Flash    |       |       |       |     5 |     1 ||     6
       Repel Missiles    |       |       |       |     1 |     1 ||     2
  Use: Scroll            |       |     4 |    14 |    16 |     4 ||    38
       Potion            |       |       |       |     1 |     1 ||     2
 Stab: Sleeping          |       |     2 |     4 |     1 |       ||     7
       Invisible         |       |       |       |     1 |       ||     1
  Eat: Removed food      |     3 |     7 |    19 |    20 |    12 ||    61
       Removed food      |       |     2 |     1 |     5 |       ||     8
       Removed food      |       |       |     1 |     1 |       ||     2
       Removed food      |       |       |       |     2 |       ||     2
       Removed food      |       |       |       |     4 |     1 ||     5
       Removed food      |       |       |       |     2 |     1 ||     3
Armor: Skin              |    14 |    23 |   175 |   322 |    35 ||   569
Dodge: Dodged            |    26 |    45 |   314 |   438 |    66 ||   889
       Repelled          |       |       |       |       |     3 ||     3
Block: Buckler           |       |       |    10 |   214 |    21 ||   245
       Reflection        |       |       |       |     2 |       ||     2

Table legend: (Time is in decaauts)
 A = Elapsed time spent in this place.
 B = Non-inter-level travel time spent in this place.
 C = Inter-level travel time spent in this place.
 D = Time resting spent in this place.
 E = Time spent auto-exploring this place.
 F = Levels seen in this place.
 G = Mean time per level.
                   A        B        C        D        E       F      G
               +--------+--------+--------+--------+--------+-----+--------+
         Total |   9875 |   9763 |    112 |   1683 |   1219 |  18 |  548.6 |
       Dungeon |   4801 |   4781 |     20 |    357 |    278 |  11 |  436.5 |
        Temple |     52 |     50 |      2 |      4 |      2 |   1 |   52.0 |
          Lair |   5022 |   4932 |     90 |   1322 |    939 |   6 |  837.0 |
               +--------+--------+--------+--------+--------+-----+--------+

Top non-repeatable levels by time:
  Lair:5: 15 daAuts
Note: time per level data comes from an upgraded game and may be incomplete.
